 Dungeon Crawl Stone Soup version 0.28.0-43-g3370ac3207 (webtiles) character file.

Game seed: 8382371618408613001

33 crimpus the Cutter (level 3, -1/19 HPs)
             Began as a Vampire Berserker on Mar 13, 2022.
             Was a Follower of Trog.
             Slain by a kobold
             ... wielding a +1 short sword of protection
              (2 damage)
             ... on level 1 of the Dungeon.
             The game lasted 00:02:40 (720 turns).

crimpus the Cutter (Vampire Berserker)               Turns: 720, Time: 00:02:41

Health: -1/19      AC:  2    Str: 18    XL:     3   Next: 12%
Magic:  3/3        EV: 12    Int:  9    God:    Trog [*.....]
Gold:   48         SH:  0    Dex: 13    Spells: 2/2 levels left

rFire   . . .      SeeInvis +   a - +0 short sword
rCold   + + .      Faith    .   (no shield)
rNeg    + + +      Spirit   .   b - +0 animal skin
rPois   ∞          Reflect  .   (no helmet)
rElec   .          Harm     .   (no cloak)
rCorr   .          Rampage  .   (no gloves)
Will    .....                   (no boots)
Stlth   ++++......              (no amulet)
HPRegen 0.00/turn               (no ring)
MPRegen 0.08/turn               (no ring)

@: bloodless, inhibited regen
A: bloodless, fangs 3, see invisible, vampiric 2, [frail 1]
a: Bat Form, Revivify, Renounce Religion


You were on level 1 of the Dungeon.
You worshipped Trog.
Trog was aware of your devotion.
You visited 1 branch of the dungeon, and saw 1 of its levels.

You collected 48 gold pieces.

Inventory:

Hand Weapons
 a - a +0 short sword (weapon)
Armour
 b - a +0 animal skin (worn)
Scrolls
 c - a scroll of summoning {unknown}
 d - a scroll of magic mapping {unknown}
 e - 2 scrolls of identify {unknown}
 f - a scroll of teleportation {unknown}


   Skills:
 + Level 2.9 Fighting
 + Level 4.0 Short Blades
 + Level 1.8 Armour
 + Level 2.4 Dodging
 + Level 1.0 Stealth


You had 2 spell levels left.
You didn't know any spells.
Your spell library was empty.

Dungeon Overview and Level Annotations

Branches:
Dungeon (1/15)

Altars:


Innate Abilities, Weirdness & Mutations

You do not regenerate when monsters are visible.
You are frail without blood (-20% HP).
You can heal yourself when you bite living creatures.
You are immune to poison.
You have razor-sharp teeth.
You have supernaturally acute eyesight. (SInv)
You are afflicted with vampirism and can become a bat while bloodless.
[You are frail. (-10% HP)]


Message History

You hit the kobold.
You kill the kobold!
Trog accepts your kill. The goblin hits you but does no damage.
You hit the kobold but do no damage. The kobold misses you.
You closely miss the kobold. The goblin hits you with a +0 dagger.
The kobold hits you with a +1 short sword of protection.
You barely miss the kobold. The goblin hits you with a +0 dagger.
The kobold closely misses you.
You are too injured to fight recklessly!
You are too injured to fight recklessly!
You are too injured to fight recklessly!
You are too injured to fight recklessly!
You are too injured to fight recklessly!
You are too injured to fight recklessly!
You are too injured to fight recklessly!
You are too injured to fight recklessly!
You are too injured to fight recklessly!
You are too injured to fight recklessly!
You are too injured to fight recklessly!
You are too injured to fight recklessly!
You are too injured to fight recklessly!
You are too injured to fight recklessly!
You are too injured to fight recklessly!
The goblin hits you with a +0 dagger. The goblin closely misses you.
You hit the goblin.
The goblin is severely wounded.
You hit the goblin.
You kill the goblin!
Trog accepts your kill.
You barely miss the kobold.
The kobold hits you with a +1 short sword of protection.
* * * LOW HITPOINT WARNING * * *
You barely miss the kobold.
The kobold hits you with a +1 short sword of protection.
* * * LOW HITPOINT WARNING * * *
You hit the kobold but do no damage.
The kobold hits you with a +1 short sword of protection.
You die...

....... #.#.#######..#.#
....... #.........#..#.#
....... ###.............
....... #######.#..#.#
....... #.#..#.# ......)##
#.#..#.# .....:..# #.#..#.#
........#############.#..#.#
..........K@........).#..#..
#####+#################.....
............††.####
############'########
#≈≈≈≈≈≈≈≈≈≈≈.≈≈≈≈≈≈≈
#≈♣♣♣.P♣♣P♣≈.≈♣♣♣..P
#≈P♣♣♣♣P♣P♣≈.≈♣♣..P♣
#≈≈≈≈≈≈≈≈≈≈≈.≈≈≈≈≈≈≈
#≈≈≈≈≈≈≈≈≈.....≈≈≈≈≈


You could see a kobold.

Vanquished Creatures
  A dart slug (D:1)
  4 endoplasms (D:1)
  A giant cockroach (D:1)
  A goblin (D:1)
  3 hobgoblins (D:1)
  4 jackals (D:1)
  A kobold (D:1)
  A quokka (D:1)
  A ball python (D:1)
  6 bats (D:1)
  2 frilled lizards (D:1)
  2 rats (D:1)
27 creatures vanquished.

Notes
Turn   | Place    | Note
-------+----------+-------------------------------------------
     0 | D:1      | crimpus the Vampire Berserker began the quest for the Orb.
     0 | D:1      | Reached XP level 1. HP: 17/17 MP: 1/1
    75 | D:1      | Reached XP level 2. HP: 6/23 MP: 2/2
   375 | D:1      | Reached skill level 4 in Short Blades
   654 | D:1      | Reached skill level 1 in Stealth
   654 | D:1      | Gained mutation: You are afflicted with vampirism and can
                  | become a bat while bloodless. [Vampire growth]
   654 | D:1      | Reached XP level 3. HP: 19/19 MP: 3/3
   720 | D:1      | Slain by a kobold

Illustrated notes

Levels and vault maps discovered:
D:1:      lightli_arrival_farm, layout_basic

Skill      XL: |  1  2 |
---------------+-------+-----
Short Blades   | 4 |  4.0
Stealth        | 1 |  1.0
Fighting       | |  2.9
Armour         | |  1.8
Dodging        | |  2.4

Action                   || total
-------------------------++-------
Melee: Short sword       ||    71
       Bite              ||     4
Invok: Berserk           ||     1
 Abil: Exsanguinate      ||     2
       Revivify          ||     1
 Stab: Distracted        ||     1
       Sleeping          ||    11
Armor: Animal skin       ||    17
Dodge: Dodged            ||    34
